 Dungeon Crawl Stone Soup version 0.31-a0-174-g85c54bcb58 (webtiles) character file.

Game seed: 2789194745107916475

5980 robbobbor the Zephyrmancer (level 10, -8/52 HPs)
             Began as a Tengu Air Elementalist on June 16, 2023.
             Was a Follower of Vehumet.
             Mangled by a boulder beetle (41 damage)
             ... on level 8 of the Dungeon.
             The game lasted 01:13:59 (11671 turns).

robbobbor the Zephyrmancer (TeAE)                  Turns: 11671, Time: 01:14:00

Health: -8/52      AC:  3    Str: 10    XL:     10   Next: 85%
Magic:  3/23       EV: 22    Int: 18    God:    Vehumet [*.....]
Gold:   357        SH:  5    Dex: 15    Spells: 10/25 levels left

rFire   . . .        l - +2 dagger (speed)
rCold   . . .        (no shield)
rNeg    . . .        a - +0 robe
rPois   .            (helmet restricted)
rElec   .            (no cloak)
rCorr   .            d - +0 pair of gloves
SInv    .            (boots unavailable)
Will    .....        e - amulet of reflection
Stlth   +++          u - +5 ring of evasion
HPRegen 0.28/turn    (no ring)
MPRegen 0.18/turn

%: reflection
@: flying quickly and evasively, quick
A: beak, talons 3, nimble flight
a: Renounce Religion


You were on level 8 of the Dungeon.
You worshipped Vehumet.
Vehumet was aware of your devotion.
You visited 2 branches of the dungeon, and saw 9 of its levels.

You collected 413 gold pieces.
You spent 56 gold pieces at shops.

Inventory:

Hand Weapons
 l - a +2 dagger of speed (weapon)
Missiles
 o - 9 poisoned darts
 s - 8 boomerangs
Armour
 a - a +0 robe (worn)
 d - a +0 pair of gloves (worn)
Jewellery
 e - an amulet of reflection (around neck)
 p - a ring of protection from fire
 u - a +5 ring of evasion (left hand)
 C - a +4 ring of slaying
Wands
 r - a wand of mindburst (16)
 A - a wand of paralysis (11)
Scrolls
 f - 2 scrolls of amnesia
 j - a scroll of fog
 n - a scroll of enchant weapon
 q - 3 scrolls of teleportation
 t - 3 scrolls of revelation
 x - a scroll of blinking {unknown}
 y - 2 scrolls of poison {unknown}
 D - a scroll of identify
Potions
 b - a potion of magic
 c - a potion of heal wounds
 g - a potion of curing
 h - a potion of berserk rage {unknown}
 i - a potion of enlightenment {unknown}
 k - a potion of invisibility {unknown}
 m - a potion of lignification {unknown}
 v - a potion of cancellation {unknown}
 w - a potion of brilliance
 z - a potion of ambrosia {unknown}
 B - a potion of might


   Skills:
 + Level 1.3 Fighting
 + Level 1.1 Short Blades
 * Level 5.4 Dodging
 * Level 6.0 Stealth
 + Level 0.8 Shields
 * Level 8.1 Spellcasting
 * Level 8.7 Conjurations
 * Level 3.2 Summonings
 + Level 3.0 Necromancy
 * Level 2.3 Translocations
 * Level 10.5 Air Magic


You had 10 spell levels left.
You knew the following spells:

 Your Spells              Type           Power      Damage    Failure   Level
a - Shock                 Conj/Air       100%       1d9       1%          1
b - Static Discharge      Conj/Air       84%        2-6/arc   1%          2
c - Swiftness             Air            45%        N/A       1%          3
d - Momentum Strike       Conj/Tloc      54%        3d9       1%          2
e - Airstrike             Air            22%        2d(4-20)  1%          4
f - Apportation           Tloc           30%        N/A       3%          1
g - Blink                 Tloc           30%        N/A       5%          2

Your spell library contained the following spells:

 Spells                   Type           Power      Damage    Failure   Level
 Sandblast                Erth           14%        2d6       10%         1
 Summon Small Mammal      Summ           72%        N/A       2%          1
 Lesser Beckoning         Tloc           30%        N/A       5%          2
 Call Canine Familiar     Summ           18%        N/A       8%          3
 Beastly Appendage        Tmut           14%        N/A       10%         1
 Gell's Gravitas          Tloc           15%        N/A       11%         3
 Wereblood                Tmut           7%         N/A       14%         2
 Summon Guardian Golem    Hex/Summ       13%        N/A       16%         3
 Spider Form              Tmut/Pois      7%         N/A       28%         3
 Anguish                  Hex/Necr       6%         N/A       45%         4
 Agony                    Necr           18%        N/A       61%         5
 Simulacrum               Ice/Necr       6%         N/A       100%        6


Dungeon Overview and Level Annotations

Branches:
Dungeon (8/15)             Temple (1/1) D:7
   Lair: D:8-11

Altars:
Ashenzari
Dithmenos
Fedhas
Gozag
Hepliaklqana
Kikubaaqudgha
Makhleb
Nemelex Xobeh
Ru
Sif Muna
Trog
Vehumet
Wu Jian
Xom
Yredelemnul
Zin
The Shining One

Shops:
D:4 =   D:6 !

Annotations:
D:3 3 runed translucent doors, ciphuk's ghost, amateur TrMo


Innate Abilities, Weirdness & Mutations

You have a beak for a mouth.
You have claws for feet.
Your magical nature lets you fly swiftly and evasively.


Message History

The zap hits the boulder beetle but does no damage.
The boulder beetle is heavily wounded.
The boulder beetle leaps!
Casting: Shock (safe; 1% risk of failure)
Confirm with . or Enter, or press ? or * to list all spells.
Aiming: Shock (safe; 1% risk of failure)
Press: ? - help, Shift-Dir - straight line, f/p - boulder beetle
Aim: a boulder beetle (heavily wounded, 100% to hit)
The zap hits the boulder beetle.
The boulder beetle is heavily wounded.
You feel stable enough to blink again.
The boulder beetle waves its antennae.
The boulder beetle leaps!
Casting: Shock (safe; 1% risk of failure)
Confirm with . or Enter, or press ? or * to list all spells.
Aiming: Shock (safe; 1% risk of failure)
Press: ? - help, Shift-Dir - straight line, f/p - boulder beetle
Aim: a boulder beetle (heavily wounded, 100% to hit)
The zap hits the boulder beetle.
The boulder beetle is heavily wounded.
Casting: Shock (safe; 1% risk of failure)
Confirm with . or Enter, or press ? or * to list all spells.
You blink.
Casting: Blink (safe; 5% risk of failure)
Confirm with . or Enter, or press ? or * to list all spells.
Aiming: Shock (safe; 1% risk of failure)
Press: ? - help, Shift-Dir - straight line, f/p - boulder beetle
Aim: a boulder beetle (heavily wounded, 100% to hit)
The zap hits the boulder beetle but does no damage.
The boulder beetle is heavily wounded.
The boulder beetle curls into a ball and begins rolling!
Found two escape hatches in the ceiling and an escape hatch in the floor.
There is an open door here.
You see here a +0 short sword.
You see here 14 gold pieces.
You feel stable enough to blink again.
The boulder beetle attacks as you move away!
The boulder beetle hits you!!!
Ouch! That really hurt!
You die...

####...#...#...#
#.....##...##..##
#.#...#.....#...#
#.#..##.....##..###
##....#..°....#....##
#....##...°...##....#########
#.[..#.....○...#.............
#...######°######..........##
#.).#<.....B@..<#..#.......+.
#.)##...........##.........##
#.).#>.........>#..#...<.....
#...######+######..#.......##
#....# #...#.#..#### #....##
##..##.#..##### ##....#
#...#.......... #.#..##
##..#######....# #.....#
#...#.....'.....


You could see a boulder beetle (rolling).

Vanquished Creatures
  A centaur warrior (D:8)
  A deep elf pyromancer (D:8)
  A troll (D:8)
  A hornet (D:8)
  A slime creature (D:8)
  A wyvern (D:7)
  A yak (D:5)
  A basilisk (D:8)
  4 ice beasts
  An orc warrior (D:8)
  3 black bears
  4 sky beasts
  2 ogres
  2 centaurs (D:8)
  2 phantoms
  3 bullfrogs
  4 scorpions
  9 wights
  4 killer bees (D:8)
  5 howler monkeys
  6 jellies
  2 hounds (D:5)
  A gnoll bouda (D:7)
  6 orc priests
  4 iguanas
  9 orc wizards
  Natasha (thrice) (D:2)
  4 gnolls (D:7)
  8 adders
  A shadow imp (D:6)
  4 ufetubi
  4 worms
  A dart slug (D:4)
  27 orcs
  5 endoplasms
  9 giant cockroaches
  5 goblins
  8 hobgoblins
  4 quokkas
  9 ball pythons
  6 bats
  5 frilled lizards
  8 kobolds
  8 rats
198 creatures vanquished.

Notes
Turn   | Place    | Note
-------+----------+-------------------------------------------
     0 | D:1      | robbobbor the Tengu Air Elementalist began the quest for
                  | the Orb.
     0 | D:1      | Reached XP level 1. HP: 10/10 MP: 4/4
   219 | D:1      | Reached XP level 2. HP: 15/15 MP: 0/6
   866 | D:1      | Reached XP level 3. HP: 16/19 MP: 1/7
  1696 | D:2      | Noticed Natasha
  1703 | D:2      | Killed Natasha
  1704 | D:2      | Reached skill level 5 in Air Magic
  1704 | D:2      | Reached XP level 4. HP: 21/24 MP: 2/8
  1719 | D:2      | Noticed Natasha
  1723 | D:2      | Killed Natasha
  1908 | D:2      | Noticed Natasha
  2112 | D:2      | Gained mutation: Your magical nature lets you fly swiftly
                  | and evasively. [Tengu growth]
  2112 | D:2      | Reached XP level 5. HP: 28/28 MP: 6/10
  2217 | D:2      | Killed Natasha
  2389 | D:3      | Learned a level 2 spell: Static Discharge
  2424 | D:3      | Found a shimmering altar of Xom.
  2515 | D:3      | Found an opulent altar of Gozag.
  2745 | D:3      | Reached skill level 6 in Air Magic
  2750 | D:3      | Reached XP level 6. HP: 27/32 MP: 0/12
  3080 | D:3      | Found a runed translucent gate.
  3081 | D:3      | Found a runed translucent gate.
  3082 | D:3      | Found a runed translucent gate.
  3086 | D:3      | Noticed ciphuk's ghost (amateur TrMo)
  4030 | D:4      | Found Exexata's Jewellery Shoppe.
  4221 | D:4      | Identified the +1 leather armour of Ru's Grace {Stlth+}
  4294 | D:4      | Got the Handbook of the Loathsome Geodesic
  4496 | D:5      | Entered Level 5 of the Dungeon
  4520 | D:5      | Reached XP level 7. HP: 26/36 MP: 4/13
  5025 | D:5      | Noticed a yak
  5083 | D:5      | Reached skill level 7 in Air Magic
  5129 | D:5      | Reached skill level 5 in Conjurations
  5354 | D:5      | Reached skill level 1 in Translocations
  5354 | D:5      | Reached XP level 8. HP: 41/41 MP: 9/16
  6143 | D:5      | Reached skill level 1 in Fighting
  6146 | D:5      | Reached skill level 5 in Spellcasting
  6154 | D:5      | Reached skill level 8 in Air Magic
  6469 | D:5      | Killed a yak
  6855 | D:6      | Reached XP level 9. HP: 47/47 MP: 13/18
  6925 | D:6      | Found Anolue's Distillery.
  6939 | D:6      | Bought a potion of brilliance for 56 gold pieces
  7775 | D:7      | Reached skill level 5 in Stealth
  7843 | D:7      | Reached skill level 1 in Short Blades
  7858 | D:7      | Learned a level 3 spell: Swiftness
  7861 | D:7      | Learned a level 2 spell: Momentum Strike
  7866 | D:7      | Learned a level 4 spell: Airstrike
  7868 | D:7      | Learned a level 1 spell: Apportation
  7871 | D:7      | Learned a level 2 spell: Blink
  8022 | D:7      | Reached skill level 1 in Necromancy
  8179 | D:7      | Found a staircase to the Ecumenical Temple.
  8700 | D:7      | Reached skill level 9 in Air Magic
  9177 | Temple   | Entered the Ecumenical Temple
  9276 | Temple   | Became a worshipper of Vehumet
  9327 | D:8      | Noticed a deep elf pyromancer
  9331 | D:8      | Noticed a boulder beetle
  9332 | D:8      | Killed a deep elf pyromancer
  9333 | D:8      | Reached skill level 5 in Dodging
  9333 | D:8      | Reached skill level 1 in Summonings
  9333 | D:8      | Reached XP level 10. HP: 52/52 MP: 8/21
  9996 | D:8      | Noticed a centaur warrior
 10000 | D:8      | HP: 1/52 [poisoned by a killer bee]
 10440 | D:8      | Found a burning altar of Makhleb.
 10543 | D:8      | Reached skill level 10 in Air Magic
 10629 | D:8      | Killed a centaur warrior
 10643 | D:8      | Reached * piety under Vehumet
 10643 | D:8      | Offered knowledge of Sandblast by Vehumet.
 11671 | D:8      | Mangled by a boulder beetle

Illustrated notes

Levels and vault maps discovered:
D:1:      minmay_arrival_up_and_down, layout_basic, grunt_decor_arrowhead
D:2:      layout_rooms, uniq_natasha
D:3:      layout_basic, nicolae_overflow_squiral, gammafunk_ghost_necromancy
D:4:      layout_cave_pods, serial_shops, shop, chequers_serial_rivers_marsh
D:5:      cheibrodos_barr_body, layout_basic,
          minmay_a_box_with_orc_wizards_in_it
D:6:      layout_cave_pools, serial_shops, nicolae_shop_industrial_runoff
D:7:      layout_loops_ring, minmay_temple_entry_trees
D:8:      minmay_diamond_stairs, layout_basic, marbit_many_paths
Temple:   nicolae_temple_great_sept

Skill      XL: |  1  2  3  4  5  6  7  8  9 10 |
---------------+-------------------------------+-----
Conjurations   | 2 3 4 5 6 8 |  8.7
Air Magic      | 5 6 7 8 9 10 | 10.5
Spellcasting   | 3 4 5 7 8 |  8.1
Stealth        | 3 4 5 6 |  6.0
Dodging        | 3 4 5 |  5.4
Translocations | 1 2 |  2.3
Fighting       | 1 |  1.3
Short Blades   | 1 |  1.1
Necromancy     | 1 3 |  3.0
Summonings     | 1 3 |  3.2
Shields        | |  0.8

Action                     |  1- 3 |  4- 6 |  7- 9 | 10-12 || total
---------------------------+-------+-------+-------+-------++-------
  Melee: Dagger            |     7 |     6 |    45 |    14 ||    72
         Unarmed           |     2 |       |       |       ||     2
         Peck              |     2 |     1 |     6 |     5 ||    14
         Kick              |     1 |     2 |    14 |     5 ||    22
   Cast: Shock             |    84 |   154 |   275 |    73 ||   586
         Airstrike         |       |       |    12 |    27 ||    39
         Static Discharge  |       |       |       |     5 ||     5
         Blink             |       |       |       |     3 ||     3
         Momentum Strike   |       |       |       |     1 ||     1
    Use: Scroll            |     2 |     4 |     2 |     1 ||     9
         Potion            |       |       |     1 |     1 ||     2
 Armour: Robe              |    11 |    10 |    15 |     1 ||    37
  Dodge: Dodged            |    13 |    28 |   108 |    30 ||   179
  Block: Other             |     4 |     8 |    23 |    11 ||    46
         Reflection        |       |     1 |       |     2 ||     3

Table legend: (Time is in decaauts)
 A = Elapsed time spent in this place.
 B = Non-inter-level travel time spent in this place.
 C = Inter-level travel time spent in this place.
 D = Time resting spent in this place.
 E = Time spent auto-exploring this place.
 F = Levels seen in this place.
 G = Mean time per level.
                   A        B        C        D        E       F      G
               +--------+--------+--------+--------+--------+-----+--------+
         Total |  11092 |   9017 |   2075 |   2739 |   3156 |   9 | 1232.4 |
       Dungeon |  10993 |   8969 |   2024 |   2739 |   3117 |   8 | 1374.1 |
        Temple |     99 |     48 |     51 |      0 |     38 |   1 |   99.0 |
               +--------+--------+--------+--------+--------+-----+--------+

Top non-repeatable levels by time:
     D:8: 2111 daAuts
     D:5: 1730 daAuts
     D:7: 1574 daAuts
     D:1: 1557 daAuts
     D:4: 1307 daAuts
     D:3: 1023 daAuts
     D:6: 935 daAuts
     D:2: 752 daAuts
  Temple: 99 daAuts
